TOP OF THE 1ST |
Plymouth Rocks batting - Pitching for Port Huron Blitzkrieg : LHP Gustavo Rivera
|
Pitching: LHP Gustavo Rivera
|
|
Batting: RHB Ron Whelan
|
0-0: Foul Ball, location: 2F 0-1: Fly out, F4 (Popup, 34S, EV 78.8 MPH)
|
Batting: LHB Arabello Ocampo
|
0-0: Called Strike 0-1: Foul Ball, location: 2F 0-2: Ground out 4-3 (Groundball, 34D, EV 104.4 MPH)
|
Batting: RHB Ricardo Vásquez
|
0-0: Called Strike 0-1: Ball 1-1: Fly out, F7 (Flyball, 78M, EV 93.1 MPH)
|
Top of the 1st over - 0 runs, 0 hits, 0 errors, 0 left on base; Plymouth 0 - Port Huron 0 |
BOTTOM OF THE 1ST |
Port Huron Blitzkrieg batting - Pitching for Plymouth Rocks : RHP Marvin McCall
|
Pitching: RHP Marvin McCall
|
|
Batting: RHB Don Callahan
|
0-0: Bunt missed! 0-1: Ground out 6-3 (Groundball, 56, EV 87.5 MPH)
|
Batting: SHB Mike Sherman
|
0-0: Ball 1-0: Swinging Strike 1-1: Ball 2-1: Called Strike 2-2: Strikes out swinging
|
Batting: LHB Victor Fleming
|
0-0: Ball 1-0: Called Strike 1-1: Foul Ball, location: 2F 1-2: Foul Ball, location: 2F 1-2: Ball 2-2: TRIPLE (Line Drive, 9LD, EV 101.2 MPH)
|
Batting: RHB Maikel de Braber
|
0-0: Called Strike 0-1: Ball 1-1: Ground out 6-3 (Groundball, 6S, EV 60.6 MPH)
|
Bottom of the 1st over - 0 runs, 1 hit, 0 errors, 1 left on base; Plymouth 0 - Port Huron 0 |
TOP OF THE 2ND |
Plymouth Rocks batting - Pitching for Port Huron Blitzkrieg : LHP Gustavo Rivera
|
Batting: LHB Oliver Ortega
|
0-0: Ball 1-0: Foul Ball, location: 2F 1-1: Fly out, F8 (Line Drive, 8LM, EV 92.5 MPH)
|
Batting: RHB Drew Rose
|
0-0: Foul Ball, location: 2F 0-1: Ground out 5-3 (Groundball, 5, EV 80.0 MPH)
|
Batting: LHB Juan Jose Brisuela
|
0-0: Ball 1-0: Ball 2-0: SINGLE (Groundball, 4D, EV 110.6 MPH)
|
Batting: RHB Manny Coronado
|
0-0: Ball 1-0: Called Strike 1-1: Ball 2-1: Fielders Choice at 2nd, 6-4 (Groundball, 6, EV 89.4 MPH)
|
Top of the 2nd over - 0 runs, 1 hit, 0 errors, 1 left on base; Plymouth 0 - Port Huron 0 |
BOTTOM OF THE 2ND |
Port Huron Blitzkrieg batting - Pitching for Plymouth Rocks : RHP Marvin McCall
|
Batting: LHB Ralph McDonald
|
0-0: Called Strike 0-1: Called Strike 0-2: Ball 1-2: Foul Ball, location: 2F 1-2: Strikes out looking
|
Batting: SHB Ralph Titus
|
0-0: Called Strike 0-1: Ball 1-1: Foul Ball, location: 2F 1-2: Ball 2-2: Foul Ball, location: 2F 2-2: Ball 3-2: Foul Ball, location: 2F 3-2: Fly out, F7 (Flyball, 78M, EV 79.4 MPH)
|
Batting: RHB Samual Kingman
|
0-0: Ball 1-0: Called Strike 1-1: Swinging Strike 1-2: Ball 2-2: Foul Ball, location: 2F 2-2: Strikes out swinging
|
Bottom of the 2nd over - 0 runs, 0 hits, 0 errors, 0 left on base; Plymouth 0 - Port Huron 0 |
TOP OF THE 3RD |
Plymouth Rocks batting - Pitching for Port Huron Blitzkrieg : LHP Gustavo Rivera
|
Batting: RHB Yuichi Koyama
|
0-0: Ball 1-0: Foul Ball, location: 2F 1-1: Ball 2-1: Ground out 5-3 (Groundball, 56S, EV 88.8 MPH)
|
Batting: RHB Greg Mooney
|
0-0: Ball 1-0: Ball 2-0: Ball 3-0: Called Strike 3-1: Called Strike 3-2: Strikes out looking
|
Batting: RHB Ron Whelan
|
0-0: Ball 1-0: Ball 2-0: Called Strike 2-1: Foul Ball, location: 2F 2-2: Foul Ball, location: 2F 2-2: Foul Ball, location: 2F 2-2: Strikes out swinging
|
Top of the 3rd over - 0 runs, 0 hits, 0 errors, 0 left on base; Plymouth 0 - Port Huron 0 |
BOTTOM OF THE 3RD |
Port Huron Blitzkrieg batting - Pitching for Plymouth Rocks : RHP Marvin McCall
|
Batting: RHB Zachary Spilsbury
|
0-0: Called Strike 0-1: Ball 1-1: Ball 2-1: Foul Ball, location: 2F 2-2: Foul Ball, location: 2F 2-2: Foul Ball, location: 2F 2-2: Ground out 6-3 (Groundball, 6, EV 84.4 MPH)
|
Batting: RHB Carlos Núñez
|
0-0: Ball 1-0: Fly out, F5 (Popup, 5F, EV 71.2 MPH)
|
Batting: RHB Don Callahan
|
0-0: Called Strike 0-1: Ball 1-1: Ball 2-1: Foul Ball, location: 2F 2-2: Ball 3-2: Foul Ball, location: 2F 3-2: Fly out, F6 (Popup, 6M, EV 63.8 MPH)
|
Bottom of the 3rd over - 0 runs, 0 hits, 0 errors, 0 left on base; Plymouth 0 - Port Huron 0 |
TOP OF THE 4TH |
Plymouth Rocks batting - Pitching for Port Huron Blitzkrieg : LHP Gustavo Rivera
|
Batting: LHB Arabello Ocampo
|
0-0: Swinging Strike 0-1: Ball 1-1: SINGLE (Line Drive, 6MD, EV 95.6 MPH)
|
Batting: RHB Ricardo Vásquez
|
0-0: Ball 1-0: DOUBLE (Line Drive, 7LD, EV 106.2 MPH) Arabello Ocampo to third
|
Batting: LHB Oliver Ortega
|
0-0: Called Strike 0-1: Ball 1-1: Fly out, F8 (Flyball, 8RXD, EV 103.1 MPH) Runner from 3rd tags up, SCORES, no throw by CF Ricardo Vásquez to third
|
Batting: RHB Drew Rose
|
0-0: Ball 1-0: Ball 2-0: Swinging Strike 2-1: Foul Ball, location: 2F 2-2: Foul Ball, location: 2F 2-2: Ball 3-2: DOUBLE (Line Drive, 3D, EV 103.8 MPH) Ricardo Vásquez scores
|
Batting: LHB Juan Jose Brisuela
|
0-0: Foul Ball, location: 2F 0-1: Foul Ball, location: 2F 0-2: Ball 1-2: Ball 2-2: Foul Ball, location: 2F 2-2: Fly out, F8 (Flyball, 8LD, EV 106.9 MPH)
|
Batting: RHB Manny Coronado
|
0-0: Foul Ball, location: 2F 0-1: Swinging Strike 0-2: Ball 1-2: Fly out, F7 (Line Drive, 78D, EV 93.1 MPH)
|
Top of the 4th over - 2 runs, 3 hits, 0 errors, 1 left on base; Plymouth 2 - Port Huron 0 |
BOTTOM OF THE 4TH |
Port Huron Blitzkrieg batting - Pitching for Plymouth Rocks : RHP Marvin McCall
|
Batting: SHB Mike Sherman
|
0-0: SINGLE (Groundball, 34D, EV 97.5 MPH)
|
Batting: LHB Victor Fleming
|
0-0: Ball 1-0: Foul Ball, location: 2F 1-1: Swinging Strike 1-2: Strikes out swinging
|
Batting: RHB Maikel de Braber
|
0-0: Ball 1-0: Ball 2-0: Ball 3-0: Called Strike 3-1: Fly out, F7 (Line Drive, 78M, EV 95.6 MPH)
|
Batting: LHB Ralph McDonald
|
0-0: Ball 1-0: Ball 2-0: Ball 3-0: Called Strike 3-1: Base on Balls Mike Sherman to second
|
Batting: SHB Ralph Titus
|
0-0: Swinging Strike 0-1: Swinging Strike 0-2: Strikes out swinging
|
Bottom of the 4th over - 0 runs, 1 hit, 0 errors, 2 left on base; Plymouth 2 - Port Huron 0 |
TOP OF THE 5TH |
Plymouth Rocks batting - Pitching for Port Huron Blitzkrieg : LHP Gustavo Rivera
|
Batting: RHB Yuichi Koyama
|
0-0: Called Strike 0-1: Ball 1-1: Ball 2-1: Hit by Pitch
|
Batting: RHB Greg Mooney
|
0-0: Foul Ball, location: 2F 0-1: Grounds into double play, 5-4-3 (Groundball, 56S, EV 76.9 MPH)
|
Batting: RHB Ron Whelan
|
0-0: Called Strike 0-1: Fly out, F4 (Popup, 4, EV 64.4 MPH)
|
Top of the 5th over - 0 runs, 0 hits, 0 errors, 0 left on base; Plymouth 2 - Port Huron 0 |
BOTTOM OF THE 5TH |
Port Huron Blitzkrieg batting - Pitching for Plymouth Rocks : RHP Marvin McCall
|
Batting: RHB Samual Kingman
|
0-0: Ball 1-0: Ground out 6-3 (Groundball, 6S, EV 83.8 MPH)
|
Batting: RHB Zachary Spilsbury
|
0-0: Ball 1-0: Ball 2-0: Called Strike 2-1: Ball 3-1: Foul Ball, location: 2F 3-2: Strikes out swinging
|
Batting: RHB Carlos Núñez
|
0-0: Ball 1-0: Ball 2-0: Called Strike 2-1: Fly out, F8 (Flyball, 8RM, EV 94.4 MPH)
|
Bottom of the 5th over - 0 runs, 0 hits, 0 errors, 0 left on base; Plymouth 2 - Port Huron 0 |
TOP OF THE 6TH |
Plymouth Rocks batting - Pitching for Port Huron Blitzkrieg : LHP Gustavo Rivera
|
Batting: LHB Arabello Ocampo
|
0-0: Ball 1-0: Ball 2-0: Ball 3-0: Called Strike 3-1: Foul Ball, location: 2F 3-2: Ground out U3 (Groundball, 3, EV 84.4 MPH)
|
Batting: RHB Ricardo Vásquez
|
0-0: Called Strike 0-1: Ball 1-1: Ball 2-1: Foul Ball, location: 2F 2-2: SOLO HOME RUN (Flyball, 78XD, EV 98.8 MPH), Distance : 393 ft
|
Batting: LHB Oliver Ortega
|
0-0: Swinging Strike 0-1: Fly out, F7 (Flyball, 7, EV 85.0 MPH)
|
Batting: RHB Drew Rose
|
0-0: Ball 1-0: Swinging Strike 1-1: Called Strike 1-2: Ball 2-2: Ball 3-2: Base on Balls
|
Batting: LHB Juan Jose Brisuela
|
0-0: Ball 1-0: Called Strike 1-1: Ball 2-1: Foul Ball, location: 2F 2-2: Strikes out swinging
|
Top of the 6th over - 1 run, 1 hit, 0 errors, 1 left on base; Plymouth 3 - Port Huron 0 |
BOTTOM OF THE 6TH |
Port Huron Blitzkrieg batting - Pitching for Plymouth Rocks : RHP Marvin McCall
|
Batting: RHB Don Callahan
|
0-0: Ball 1-0: Ball 2-0: Called Strike 2-1: Ball 3-1: Foul Ball, location: 2F 3-2: Strikes out swinging
|
Batting: SHB Mike Sherman
|
0-0: Ground out 4-3 (Groundball, 4, EV 84.4 MPH)
|
Batting: LHB Victor Fleming
|
0-0: Called Strike 0-1: Foul Ball, location: 2F 0-2: SINGLE (Groundball, 34S, EV 76.2 MPH) (infield hit)
|
Batting: RHB Maikel de Braber
|
0-0: DOUBLE (Line Drive, 8RXD, EV 103.8 MPH) Victor Fleming to third
|
Batting: LHB Ralph McDonald
|
0-0: SINGLE (Line Drive, 7LS, EV 101.2 MPH) Victor Fleming scores Maikel de Braber to third Runner from 3rd tries for Home, SAFE, throw by LF to home
|
Batting: SHB Ralph Titus
|
0-0: Fly out, F8 (Line Drive, 8RD, EV 98.8 MPH)
|
Bottom of the 6th over - 2 runs, 3 hits, 0 errors, 1 left on base; Plymouth 3 - Port Huron 2 |
TOP OF THE 7TH |
Plymouth Rocks batting - Pitching for Port Huron Blitzkrieg : LHP Gustavo Rivera
|
Pitching: RHP Ed Pearce
|
|
Batting: RHB Manny Coronado
|
0-0: Called Strike 0-1: Ground out 5-3 (Groundball, 5, EV 86.2 MPH)
|
Batting: RHB Yuichi Koyama
|
0-0: Ball 1-0: Foul Ball, location: 2F 1-1: Called Strike 1-2: Foul Ball, location: 2F 1-2: Ball 2-2: Ball 3-2: Foul Ball, location: 2F 3-2: Foul Ball, location: 2F 3-2: Foul Ball, location: 2F 3-2: Strikes out swinging
|
Batting: RHB Greg Mooney
|
0-0: Ball 1-0: Ball 2-0: Ball 3-0: Base on Balls
|
Batting: RHB Ron Whelan
|
0-0: Ball 1-0: Foul Ball, location: 2F 1-1: Ball 2-1: Ground out U3 (Groundball, 34, EV 110.0 MPH)
|
Top of the 7th over - 0 runs, 0 hits, 0 errors, 1 left on base; Plymouth 3 - Port Huron 2 |
BOTTOM OF THE 7TH |
Port Huron Blitzkrieg batting - Pitching for Plymouth Rocks : RHP Marvin McCall
|
Now in LF: Luis Miguel Monteblanco
|
|
Batting: RHB Samual Kingman
|
0-0: Ball 1-0: Swinging Strike 1-1: Foul Ball, location: 2F 1-2: Foul Ball, location: 2F 1-2: Foul Ball, location: 2F 1-2: Fly out, F8 (Line Drive, 8RD, EV 83.1 MPH)
|
Pitching: RHP Brian Becker
|
|
Batting: RHB Zachary Spilsbury
|
0-0: Ball 1-0: Ball 2-0: Swinging Strike 2-1: Swinging Strike 2-2: Foul Ball, location: 2F 2-2: Foul Ball, location: 2F 2-2: Foul Ball, location: 2F 2-2: Foul Ball, location: 2F 2-2: Strikes out swinging
|
Batting: RHB Carlos Núñez
|
0-0: Called Strike 0-1: Ball 1-1: Ball 2-1: Swinging Strike 2-2: Strikes out swinging
|
Bottom of the 7th over - 0 runs, 0 hits, 0 errors, 0 left on base; Plymouth 3 - Port Huron 2 |
TOP OF THE 8TH |
Plymouth Rocks batting - Pitching for Port Huron Blitzkrieg : RHP Ed Pearce
|
Batting: LHB Arabello Ocampo
|
0-0: Ground out 5-3 (Groundball, 5, EV 89.4 MPH)
|
Batting: RHB Ricardo Vásquez
|
0-0: Ball 1-0: Ball 2-0: Called Strike 2-1: Ball 3-1: Base on Balls
|
Batting: LHB Oliver Ortega
|
0-0: Called Strike 0-1: Ball 1-1: Ball 2-1: Swinging Strike 2-2: Fly out, F9 (Flyball, 9D, EV 99.4 MPH)
|
Batting: RHB Drew Rose
|
0-0: Called Strike 0-1: Called Strike 0-2: Strikes out swinging
|
Top of the 8th over - 0 runs, 0 hits, 0 errors, 1 left on base; Plymouth 3 - Port Huron 2 |
BOTTOM OF THE 8TH |
Port Huron Blitzkrieg batting - Pitching for Plymouth Rocks : RHP Brian Becker
|
Batting: RHB Don Callahan
|
0-0: Called Strike 0-1: Ground out 6-3 (Groundball, 6, EV 100.6 MPH)
|
Batting: SHB Mike Sherman
|
0-0: Called Strike 0-1: Ball 1-1: Foul Ball, location: 2F 1-2: Ground out U3 (Groundball, 34S, EV 82.5 MPH)
|
Batting: LHB Victor Fleming
|
0-0: Ball 1-0: Foul Ball, location: 2F 1-1: Ball 2-1: Ball 3-1: Swinging Strike 3-2: Strikes out swinging
|
Bottom of the 8th over - 0 runs, 0 hits, 0 errors, 0 left on base; Plymouth 3 - Port Huron 2 |
TOP OF THE 9TH |
Plymouth Rocks batting - Pitching for Port Huron Blitzkrieg : RHP Ed Pearce
|
Batting: RHB Luis Miguel Monteblanco
|
0-0: Ground out U3 (Groundball, 3S, EV 85.0 MPH)
|
Batting: RHB Manny Coronado
|
0-0: Foul Ball, location: 2F 0-1: Ball 1-1: Swinging Strike 1-2: Fly out, F7 (Line Drive, 78M, EV 98.1 MPH)
|
Batting: RHB Yuichi Koyama
|
0-0: Reached on error, E5 (Groundball, 5S, EV 84.4 MPH)
|
Batting: RHB Greg Mooney
|
0-0: Called Strike 0-1: Foul Ball, location: 2F 0-2: Fielders Choice at 2nd, 6-4 (Groundball, 6, EV 80.6 MPH)
|
Top of the 9th over - 0 runs, 0 hits, 1 error, 1 left on base; Plymouth 3 - Port Huron 2 |
BOTTOM OF THE 9TH |
Port Huron Blitzkrieg batting - Pitching for Plymouth Rocks : RHP Brian Becker
|
Batting: RHB Maikel de Braber
|
0-0: Ball 1-0: Ball 2-0: Called Strike 2-1: Foul Ball, location: 2F 2-2: SINGLE (Groundball, 6MD, EV 105.0 MPH)
|
Batting: LHB Ralph McDonald
|
0-0: Foul Ball, location: 2F 0-1: Swinging Strike 0-2: Strikes out swinging
|
Batting: SHB Ralph Titus
|
0-0: Called Strike 0-1: SINGLE (Line Drive, 4D, EV 100.0 MPH) Maikel de Braber to second Runner from 2nd tries for 3rd, SAFE, throw by RF made to third
|
Pitching: RHP Shawn Gibson
|
|
Pinch Hitting: SHB Tom Gray
|
0-0: Ball 1-0: Called Strike 1-1: Foul Ball, location: 2F 1-2: Fly out, F7 (Flyball, 7, EV 93.1 MPH) Runner from 3rd tags up, OUT at HOME! 7-2
|
Bottom of the 9th over - 0 runs, 2 hits, 0 errors, 1 left on base; Plymouth 3 - Port Huron 2 |
|